 Dungeon Crawl Stone Soup version 0.20.1-1-g8b1a95d (webtiles) character file.

8234 doot the Cruncher (level 11, -10/74 HPs)
             Began as a Demonspawn Gladiator on July 11, 2017.
             Was a Priest of Hepliaklqana.
             Mangled by a two-headed ogre
             ... wielding a +0 giant club
              (19 damage)
             ... on level 10 of the Dungeon.
             The game lasted 00:31:16 (7367 turns).

doot the Cruncher (Demonspawn Gladiator)            Turns: 7367, Time: 00:31:17

Health: -10/74     AC: 34    Str: 16    XL:     11   Next: 7%
Magic:  11/11      EV:  7    Int:  9    God:    Hepliaklqana [***...]
Gold:   345        SH:  0    Dex: 17    Spells: 10/10 levels left

rFire    . . .     SeeInvis +   b - +4 quarterstaff (chaos)
rCold    + . .     Gourm    .   (shield currently unavailable)
rNeg     . . .     Faith    .   V - +0 plate armour
rPois    +         Spirit   .   (helmet unavailable)
rElec    .         Reflect  .   s - +0 cloak
rCorr    .         Harm     .   (no gloves)
MR       .....                  (no boots)
Stlth    ..........             u - amulet of regeneration
Regen    0.7/turn               O - ring of poison resistance
MPRegen  0.2/turn               U - +5 ring of protection

@: confused, about to teleport
A: reduced essence, antennae 3, iridescent scales 3, cold resistance 1, icemail,
powered by pain 1, freezing cloud immunity
a: Recall Ancestor, Ancestor Identity, Transference, Renounce Religion


You were on level 10 of the Dungeon.
You worshipped Hepliaklqana.
Hepliaklqana was most pleased with you.
You were not hungry.

You visited 2 branches of the dungeon, and saw 11 of its levels.

You collected 579 gold pieces.
You spent 234 gold pieces at shops.

Inventory:

Hand Weapons
 a - a +3 trident of piercing
 b - a +4 quarterstaff of chaos (weapon)
 m - a +0 war axe
 C - a +2 trident of venom
 M - a +2 flail of protection
Missiles
 h - 12 javelins
 t - a throwing net (quivered)
Armour
 c - a +0 helmet
 d - a +0 leather armour
 l - a +0 cloak
 n - a +0 scale mail
 s - a +0 cloak (worn)
 A - a scarf of cloud immunity
 L - the +0 scale mail of the Archfiend {rPois MR- MP+9 SInv}
   (You bought it in a shop on level 6 of the Dungeon)

   It protects you from poison.
   It affects your resistance to hostile enchantments.
   It affects your magic capacity (+9).
   It lets you see invisible.
 T - a +0 chain mail
 V - a +0 plate armour (worn)
 X - a +0 hat
Jewellery
 u - an amulet of regeneration (around neck)
 O - a ring of poison resistance (left hand)
 U - a +5 ring of protection (right hand)
Scrolls
 g - 6 scrolls of remove curse
 j - 6 scrolls of identify
 o - 2 scrolls of teleportation
 v - a scroll of enchant armour {unknown}
 x - a scroll of fog {unknown}
 y - a scroll of enchant weapon {unknown}
 D - 2 scrolls of immolation {unknown}
 E - a scroll of blinking {unknown}
 G - a scroll of magic mapping {unknown}
 K - a scroll of recharging {unknown}
 N - 2 scrolls of amnesia {unknown}
 W - a scroll of fear {unknown}
Potions
 e - 3 potions of curing {unknown}
 i - a potion of brilliance {unknown}
 k - 2 potions of flight {unknown}
 p - a potion of cancellation {unknown}
 r - 2 potions of invisibility {unknown}
 w - a potion of ambrosia
 z - a potion of lignification {unknown}
 H - 3 potions of heal wounds {unknown}
 J - a potion of haste
 Q - 2 potions of might {unknown}
 R - a potion of agility {unknown}
Books
 F - a Grand Grimoire

   Spells                             Type                      Level
   a - Monstrous Menagerie            Summoning                    7
   b - Summon Greater Demon           Summoning                    7
   c - Malign Gateway                 Summoning/Translocation      7
   d - Summon Horrible Things         Summoning                    8
 P - a book of Conjurations

   Spells                             Type                      Level
   a - Magic Dart                     Conjuration                  1
   b - Searing Ray                    Conjuration                  2
   c - Dazzling Spray                 Conjuration/Hexes            3
   d - Fulminant Prism                Conjuration/Hexes            4
   e - Force Lance                    Conjuration/Translocation    4
   f - Iskenderun's Mystic Blast      Conjuration                  4
 S - a book of Maledictions

   Spells                             Type                      Level
   a - Corona                         Hexes                        1
   b - Ensorcelled Hibernation        Hexes/Ice                    2
   c - Confuse                        Hexes                        3
   d - Tukima's Dance                 Hexes                        3
   e - Dazzling Spray                 Conjuration/Hexes            3
Comestibles
 f - 5 bread rations
 q - 6 fruits
 B - 4 royal jellies
 I - 2 meat rations
 Y - 3 chunks of flesh


   Skills:
 + Level 6.7 Fighting
 + Level 3.6(4.6) Axes
 + Level 4.5(8.5) Polearms
 + Level 10.4(10.8) Staves
 + Level 2.2 Throwing
 + Level 4.9 Armour
 + Level 4.5 Dodging
 + Level 6.0 Stealth


You had 10 spell levels left.
You didn't know any spells.

Dungeon Overview and Level Annotations

Branches:
Dungeon (10/15)            Temple (1/1) D:7            Lair (0/6) D:9
    Orc: D:9-12

Altars:
Ashenzari
Cheibriados
Dithmenos
Elyvilon
Fedhas
Gozag
Hepliaklqana
Kikubaaqudgha
Makhleb
Nemelex Xobeh
Okawaru
Qazlal
Ru
Sif Muna
Trog
Uskayaw
Vehumet
Xom
Yredelemnul
Zin
The Shining One
Lugonu

Shops:
D:6 [[   D:8 }

Annotations:
D:2 2 transporters, Menkaure


Innate Abilities, Weirdness & Mutations

You have a pair of large antennae on your head. (SInv)
You are completely covered in iridescent scales. (AC +6)
Your flesh is cold resistant. (rC+)
A meltable icy envelope protects you from harm. (AC +10)
You sometimes gain a little power by taking damage.
You are immune to freezing clouds.
Your life essence is reduced to manifest your ancestor. (-10% HP)


Message History

You hear a loud, deep croak!
There is a stone staircase leading up here.
You sock the two-headed ogre!
The two-headed ogre is heavily wounded.
The two-headed ogre hits you with a giant club!
The two-headed ogre hits you with a giant club!!
The two-headed ogre rages.
The two-headed ogre hits you with a giant club!!
* * * LOW HITPOINT WARNING * * *
The two-headed ogre barely misses you.
A hound and a bullfrog come into view.
As you read the scroll labeled SEZEF ONEET, it crumbles to dust.
You feel strangely unstable.
It was a scroll of teleportation.
The two-headed ogre barely misses you.
The two-headed ogre hits you with a giant club.
* * * LOW HITPOINT WARNING * * *
You are confused.
You feel invigorated.
The two-headed ogre hits you with a giant club!!
You die...

{ {{{ {{{ .##. { { {{ {{{
.... {{{ {{{ #..# #..#
####### # #..#
#.....###.##.##
#..#####.###..........
######...F...O@...h........
..............#######.##.#.
........####### .#
#######.# {. #.# ..
#.....{.. ## #########


You could see a two-headed ogre (berserk), a bullfrog and a hound.

Vanquished Creatures
  Gastronok (D:9)
  2 two-headed ogres (D:9)
  4 yaks
  A wyvern (D:9)
  Edmund (D:6)
  A water moccasin (D:9)
  3 porcupines (D:9)
  3 orc warriors (D:9)
  2 black bears
  A necrophage (D:7)
  2 ice beasts
  3 phantoms
  An ogre (D:5)
  3 centaurs
  A big kobold (D:8)
  3 bullfrogs
  2 scorpions
  4 wights (D:9)
  3 howler monkeys (D:9)
  4 crimson imps
  A centaur zombie (D:6)
  2 jellies
  A quasit (D:7)
  4 hounds
  3 orc wizards
  Crazy Yiuf (D:2)
  4 orc priests
  2 bullfrog skeletons
  2 iguanas
  Terence (D:2)
  2 worker ants
  The ghost of Overlord the Ruffian, a weakling DrTm (D:4)
  A hound skeleton (D:6)
  A worker ant zombie (D:7)
  A gnoll (D:2)
  2 adders
  A shadow imp (D:7)
  3 oozes
  2 worms
  A dart slug (D:1)
  2 leopard geckos
  26 orcs
  12 bats
  4 giant cockroaches
  5 goblins
  10 hobgoblins
  9 jackals
  16 kobolds
  3 quokkas
  5 frilled lizards
  A jackal zombie (D:8)
  2 leopard gecko skeletons
  2 quokka skeletons
  3 rats
181 creatures vanquished.

Vanquished Creatures (collateral kills)
  A yak (D:9)
  An orc warrior (D:8)
  A black bear (D:9)
  A phantom (D:5)
  An ogre (D:5)
  A centaur (D:9)
  A big kobold (D:8)
  4 bullfrogs
  A killer bee (D:9)
  A wight (D:9)
  An electric eel (D:9)
  A jelly (D:6)
  2 orc priests
  An iguana (D:9)
  2 worker ants
  An orc wizard (D:7)
  An adder (D:9)
  An adder skeleton (D:7)
  A leopard gecko (D:5)
  7 orcs
  A kobold (D:8)
  A frilled lizard (D:5)
33 creatures vanquished.

Vanquished Creatures (others)
  6 hexers
  3 ancestors
  16 fungi (D:9)
  9 plants (D:9)
34 creatures vanquished.

Grand Total: 248 creatures vanquished

Notes
Turn   | Place    | Note
-------+----------+-------------------------------------------
     0 | D:1      | doot the Demonspawn Gladiator began the quest for the Orb.
     0 | D:1      | Reached XP level 1. HP: 16/16 MP: 1/1
   269 | D:1      | Gained mutation: Your flesh is cold resistant. (rC+) [demonic ancestry]
   269 | D:1      | Reached XP level 2. HP: 22/22 MP: 2/2
   412 | D:1      | Gained mutation: You have a pair of small antennae on your head. [demonic ancestry]
   412 | D:1      | Reached XP level 3. HP: 26/27 MP: 3/3
  1054 | D:2      | Noticed Terence
  1064 | D:2      | Killed Terence
  1064 | D:2      | Gained mutation: You are immune to freezing clouds. [demonic ancestry]
  1064 | D:2      | Reached XP level 4. HP: 16/34 MP: 4/4
  1267 | D:2      | Reached skill level 1 in Armour
  1416 | D:2      | Found a sparkling altar of Nemelex Xobeh.
  1417 | D:2      | Found an opulent altar of Gozag.
  1591 | D:2      | Found a basalt altar of Yredelemnul.
  1592 | D:2      | Noticed Menkaure
  1593 | D:2      | Found a transporter.
  1601 | D:2      | Found an ancient bone altar of Kikubaaqudgha.
  1604 | D:2      | Found a transporter.
  1780 | D:2      | Found a runed door.
  1784 | D:2      | Noticed Crazy Yiuf
  1790 | D:2      | Killed Crazy Yiuf
  1790 | D:2      | Reached skill level 1 in Polearms
  1836 | D:2      | Gained mutation: You are partially covered in iridescent scales. (AC +2) [demonic ancestry]
  1836 | D:2      | Reached XP level 5. HP: 37/39 MP: 5/5
  2523 | D:4      | Noticed a phantom
  2535 | D:4      | Killed a phantom
  2535 | D:4      | Reached skill level 1 in Staves
  2535 | D:4      | Gained mutation: You sometimes gain a little power by taking damage. [demonic ancestry]
  2535 | D:4      | Reached XP level 6. HP: 46/46 MP: 6/6
  2647 | D:4      | Reached skill level 2 in Staves
  2656 | D:4      | Noticed Overlord's ghost (weakling DrTm)
  2695 | D:4      | Killed Overlord's ghost
  2802 | D:4      | Found a hazy altar of Hepliaklqana.
  2871 | D:4      | Found a glowing golden altar of the Shining One.
  2873 | D:4      | Found a white marble altar of Elyvilon.
  2873 | D:4      | Found a blossoming altar of Fedhas.
  2875 | D:4      | Found a stormy altar of Qazlal.
  2875 | D:4      | Found an iron altar of Okawaru.
  2876 | D:4      | Found a radiant altar of Vehumet.
  2898 | D:4      | Became a worshipper of Hepliaklqana the Forgotten
  3037 | D:4      | Reached skill level 3 in Staves
  3123 | D:4      | Gained mutation: You have a pair of antennae on your head. [demonic ancestry]
  3123 | D:4      | Reached XP level 7. HP: 46/46 MP: 7/7
  3328 | D:5      | Entered Level 5 of the Dungeon
  3445 | D:5      | Reached skill level 1 in Stealth
  3475 | D:5      | Noticed a dagger
  3476 | D:5      | Noticed a dagger
  3479 | D:5      | Found a hide-covered altar of Uskayaw.
  3491 | D:5      | Reached skill level 4 in Staves
  3593 | D:5      | Reached * piety under Hepliaklqana
  3901 | D:6      | Found Orickeof's Antique Armour Boutique.
  3930 | D:6      | Found Joaff's Antique Armour Boutique.
  3944 | D:6      | Bought an encrusted scale mail for 234 gold pieces
  3954 | D:6      | Identified the cursed +0 scale mail of the Archfiend {rPois MR- MP+9 SInv} (You bought it in a shop on level 6 of the Dungeon)
  4023 | D:6      | Gained mutation: A meltable icy envelope protects you from harm. (AC +10) [demonic ancestry]
  4023 | D:6      | Reached XP level 8. HP: 54/54 MP: 8/8
  4223 | D:6      | Reached skill level 5 in Staves
  4404 | D:6      | Noticed Edmund
  4429 | D:6      | Killed Edmund
  4448 | D:6      | Reached ** piety under Hepliaklqana
  4449 | D:6      | Remembered your ancestor 5/2 as a hexer
  4606 | D:6      | Found a shimmering altar of Xom.
  4606 | D:6      | Found a burning altar of Makhleb.
  4612 | D:6      | Reached skill level 6 in Staves
  5015 | D:7      | Found a staircase to the Ecumenical Temple.
  5028 | Temple   | Entered the Ecumenical Temple
  5095 | D:7      | Gained mutation: You have a pair of large antennae on your head. (SInv) [demonic ancestry]
  5095 | D:7      | Reached XP level 9. HP: 59/59 MP: 9/9
  5169 | D:6      | Reached skill level 7 in Staves
  5738 | D:7      | Reached skill level 5 in Fighting
  5889 | D:8      | Found Uhit's Gadget Shop.
  5962 | D:8      | Reached skill level 8 in Staves
  6003 | D:8      | Reached *** piety under Hepliaklqana
  6062 | D:8      | You fall through a shaft!
  6364 | D:9      | Gained mutation: You are mostly covered in iridescent scales. (AC +4) [demonic ancestry]
  6364 | D:9      | Reached XP level 10. HP: 62/68 MP: 10/10
  6533 | D:9      | Reached skill level 9 in Staves
  6598 | D:9      | Noticed a two-headed ogre
  6612 | D:9      | Killed a two-headed ogre
  6616 | D:9      | Found a staircase to the Lair.
  6730 | D:9      | Noticed a two-headed ogre
  6730 | D:9      | Noticed Gastronok
  6743 | D:9      | Killed a two-headed ogre
  6743 | D:9      | Reached skill level 10 in Staves
  6781 | D:9      | Killed Gastronok
  6781 | D:9      | Reached skill level 5 in Stealth
  6781 | D:9      | Gained mutation: You are completely covered in iridescent scales. (AC +6) [demonic ancestry]
  6781 | D:9      | Reached XP level 11. HP: 30/74 MP: 11/11
  7329 | D:10     | Entered Level 10 of the Dungeon
  7354 | D:10     | Noticed a two-headed ogre
  7367 | D:10     | Mangled by a two-headed ogre

Skill      XL: |  1  2  3  4  5  6  7  8  9 10 11 |
---------------+----------------------------------+-----
Dodging        | 3 4 |  4.5
Throwing       | 2 |  2.2
Axes           | 3 |  3.6
Armour         | 1 2 3 4 |  4.9
Polearms       | 1 2 3 4 |  4.5
Staves         | 1 3 4 6 8 10 | 10.4
Fighting       | 3 4 5 6 |  6.7
Stealth        | 1 3 5 6 |  6.0

Action                   |  1- 3 |  4- 6 |  7- 9 | 10-12 || total
-------------------------+-------+-------+-------+-------++-------
Melee: War axe           |    76 |       |       |       ||    76
       Trident           |       |    39 |    71 |    15 ||   125
       Quarterstaff      |       |   103 |   205 |   106 ||   414
Throw: Throwing net      |     1 |     3 |       |     1 ||     5
Invok: Ancestor Identity |       |     1 |       |       ||     1
       Ancestor Life: He |       |       |     1 |       ||     1
       Recall Ancestor   |       |       |     1 |       ||     1
  Use: Scroll            |       |     2 |     1 |     1 ||     4
       Potion            |       |     1 |       |     1 ||     2
 Stab: Held in net/web   |     2 |     1 |       |     6 ||     9
       Paralysed         |       |       |     6 |       ||     6
       Distracted        |       |       |     4 |     1 ||     5
       Confused          |       |       |     4 |     1 ||     5
       Petrifying        |       |       |       |     1 ||     1
  Eat: Chunk             |       |     7 |    10 |     4 ||    21
Armor: Leather armour    |    25 |       |       |       ||    25
       Scale mail        |       |    60 |    18 |       ||    78
       Chain mail        |       |       |   103 |       ||   103
       Plate armour      |       |       |     2 |    66 ||    68
Dodge: Dodged            |    61 |    72 |    88 |    24 ||   245
